 Dungeon Crawl Stone Soup version 0.18.1-48-g4cf74bf (webtiles) character file.

449 boogeech the Skirmisher (level 7, -4/44 HPs)
             Began as a Gargoyle Fighter on June 28, 2016.
             Was an Initiate of Okawaru.
             Killed by nerve-wracking pain
             ... invoked by an orc priest
              (13 damage)
             ... on level 4 of the Dungeon.
             The game lasted 00:08:05 (4186 turns).

boogeech the Skirmisher (Gargoyle Fighter)          Turns: 4186, Time: 00:08:05

Health: -4/44      AC: 12    Str: 26    XL:     7   Next: 4%
Magic:  7/7        EV:  8    Int:  8    God:    Okawaru [......]
Gold:   173        SH: 10    Dex: 10    Spells: 0 memorised, 6 levels left

rFire  + . .     SeeInvis .     a - +0 long sword
rCold  . . .     Gourm    .     b - +0 scale mail
rNeg   + . .     Faith    .     c - +0 shield
rPois  ∞         Spirit   .     (no helmet)
rElec  +         Dismiss  .     (no cloak)
rCorr  .         Reflect  .     (no gloves)
SustAt .         Harm     .     (no boots)
MR     .....                    (no amulet)
Stlth  ..........               (no ring)
                                i - ring of protection from fire

@: mighty, slowed, very slow, not resistant to hostile enchantments, extremely
unstealthy
A: negative energy resistance 1, electricity resistance, unbreathing,
petrification resistance, rot immunity, AC +4
a: Renounce Religion


You were on level 4 of the Dungeon.
You worshipped Okawaru.
Okawaru was noncommittal.
You were not hungry.

You visited 1 branch of the dungeon, and saw 4 of its levels.

You collected 173 gold pieces.

Inventory:

Hand Weapons
 a - a +0 long sword (weapon)
Armour
 b - a +0 scale mail (worn)
 c - a +0 shield (worn)
Jewellery
 i - a ring of protection from fire (left hand)
 u - an uncursed ring of fire {unknown}
Scrolls
 e - 4 scrolls of identify
 j - 3 scrolls of teleportation {unknown}
 m - a scroll of remove curse {unknown}
 p - a scroll of enchant armour {unknown}
 q - a scroll of random uselessness {unknown}
 s - a scroll of fear {unknown}
Potions
 d - a potion of might
 h - a potion of heal wounds {unknown}
 k - a potion of berserk rage {unknown}
 l - 3 potions of curing {unknown}
 n - a potion of cure mutation {unknown}
 o - a potion of haste {unknown}
 r - a potion of degeneration {unknown}
Books
 v - a book of Flames

   Spells                             Type                      Level
   a - Flame Tongue                   Conjuration/Fire             1
   b - Throw Flame                    Conjuration/Fire             2
   c - Conjure Flame                  Conjuration/Fire             3
   d - Inner Flame                    Hexes/Fire                   3
   e - Sticky Flame                   Conjuration/Fire             4
   f - Fireball                       Conjuration/Fire             5
Comestibles
 f - 3 bread rations
 g - a meat ration
 t - a fruit


   Skills:
 * Level 5.0 Fighting
 * Level 3.5 Long Blades
 * Level 4.9 Armour
 + Level 1.3 Dodging
 * Level 4.7 Shields


You had 6 spell levels left.
You didn't know any spells.

Dungeon Overview and Level Annotations

Branches:
Dungeon (4/15)
 Temple: D:4-7

Altars:
Dithmenos
Okawaru
Qazlal
Vehumet
Yredelemnul
The Shining One


Innate Abilities, Weirdness & Mutations

You are resistant to torment.
Your stone body is resilient (AC +4).
You are immune to poison.
You resist negative energy.
You are resistant to electric shocks.
You can survive without breathing.
You are immune to petrification.
You are immune to rotting.


Message History

The orc wizard hits you but does no damage.
You block the orc wizard's attack.
The orc priest calls upon Beogh to heal the orc wizard.
The orc wizard is healed somewhat.
You block the orc wizard's attack. The orc wizard barely misses you.
The orc priest calls down the wrath of Beogh upon you.
Beogh smites you!
* * * LOW HITPOINT WARNING * * *
You are too injured to fight recklessly!
Drink which item? (? for menu, Esc to quit)
You feel very mighty all of a sudden. The orc wizard barely misses you.
The orc wizard mumbles some strange words.
The orc wizard flickers and vanishes!
Deactivating autopickup; reactivate with Ctrl-A.
The orc wizard mumbles some strange words.
The orc wizard blinks!
The orc priest invokes the aid of Beogh against you.
Pain shoots through your body!
You die...

#..≈ ≈### ###..§ ≈...## ....≈
..#.. #.§≈###≈..# #.§≈§≈≈§..#
#......†..# ####..##### # #o?.#
.# ..##. ##@#.# #.# ##
......#########{o#.######.####..
...............o§....##.....#..##
..##.##...##....##.#..........# .
###....)o.##.###.......###.
..######..##..................
...........####..# #..........
#.######.#.# #..###.......<..
#.#[.# #.............).


You could see 2 orc priests and 2 orc wizards.

Vanquished Creatures
  A howler monkey (D:4)
  An orc priest (D:3)
  An orc wizard (D:4)
  Natasha (thrice) (D:2)
  2 worker ants (D:4)
  6 gnolls (D:2)
  4 adders
  2 oozes
  An adder skeleton (D:4)
  A worm (D:3)
  5 dart slugs
  5 giant geckos
  11 orcs
  7 giant cockroaches
  2 gnoll zombies (D:2)
  7 goblins
  11 hobgoblins
  9 kobolds
  2 quokkas (D:3)
  2 ball pythons
  7 bats
  5 giant newts
  10 rats
105 creatures vanquished.

Vanquished Creatures (others)
  A worm (D:3)
1 creature vanquished.

Grand Total: 106 creatures vanquished

Notes
Turn   | Place    | Note
--------------------------------------------------------------
     0 | D:1      | boogeech the Gargoyle Fighter began the quest for the Orb.
     0 | D:1      | Reached XP level 1. HP: 14/14 MP: 1/1
    76 | D:1      | Reached XP level 2. HP: 17/19 MP: 2/2
   483 | D:1      | Reached XP level 3. HP: 20/23 MP: 3/3
   921 | D:2      | Noticed Natasha
   936 | D:2      | Killed Natasha
   936 | D:2      | Reached XP level 4. HP: 15/29 MP: 4/4
  1178 | D:2      | Found a glowing golden altar of the Shining One.
  1268 | D:2      | Reached skill level 4 in Fighting
  1314 | D:2      | Noticed Natasha
  1324 | D:2      | Killed Natasha
  1324 | D:2      | Reached XP level 5. HP: 12/33 MP: 5/5
  1792 | D:2      | Noticed Natasha
  1801 | D:2      | Killed Natasha
  1801 | D:2      | Reached skill level 1 in Dodging
  2015 | D:2      | Found a basalt altar of Yredelemnul.
  2491 | D:3      | Reached XP level 6. HP: 23/39 MP: 6/6
  2804 | D:3      | Found a stormy altar of Qazlal.
  2804 | D:3      | Found a shadowy altar of Dithmenos.
  2806 | D:3      | Found an iron altar of Okawaru.
  2821 | D:3      | Became a worshipper of Warmaster Okawaru
  3030 | D:3      | Found a faded altar to an unknown god.
  3524 | D:3      | Found a radiant altar of Vehumet.
  4087 | D:4      | Reached skill level 5 in Fighting
  4102 | D:4      | Reached XP level 7. HP: 28/44 MP: 7/7
  4186 | D:4      | Killed from afar by an orc priest

Skill      XL: |  1  2  3  4  5  6 |
---------------+-------------------+-----
Long Blades    | 2 3 |  3.5
Shields        | 4 |  4.7
Fighting       | 4 5 |  5.0
Armour         | 4 |  4.9
Dodging        | 1 |  1.3

Action                   |  1- 3 |  4- 6 |  7- 9 || total
-------------------------+-------+-------+-------++-------
Melee: Long sword        |   108 |   330 |     7 ||   445
  Use: Potion            |       |     1 |     1 ||     2
       Scroll            |       |     1 |       ||     1
  Eat: Chunk             |       |     9 |       ||     9
       Fruit             |       |     4 |       ||     4
Armor: Scale mail        |    93 |   168 |     4 ||   265
Dodge: Dodged            |    35 |    78 |     5 ||   118
Block: Shield            |    64 |   175 |     7 ||   246
